 Dungeon Crawl Stone Soup version 0.26.1-11-gd32895ea62 (webtiles) character file.

Game seed: 14911227901586330147

30182 H0rd4k the Martial Artist (level 13, -4/82 HPs)
             Began as an Octopode Transmuter on June 15, 2021.
             Was an Initiate of Gozag.
             Slain by a six-headed hydra (6 damage)
             ... while petrified by a basilisk
             ... on level 6 of the Lair of Beasts.
             The game lasted 00:46:46 (23723 turns).

H0rd4k the Martial Artist (Octopode Transmuter)    Turns: 23723, Time: 00:46:47

Health: -4/82      AC:  9    Str: 12    XL:     13   Next: 50%
Magic:  0/34       EV:  2    Int: 17    God:    Gozag
Gold:   735        SH:  0    Dex: 13    Spells: 8/29 levels left

rFire    + . .     SeeInvis .     - Unarmed
rCold    + . .     Faith    .   (no shield)
rNeg     + + +     Spirit   +   (helmet restricted)
rPois    ∞         Reflect  .   N - amulet of the Invisible Hand {Spirit rPois Will- Slay+3 Stlth+}
rElec    .         Harm     .   E - +4 ring of protection
rCorr    +         Rampage  .   q - ring of poison resistance
Will     .....                  v - ring of ice
Stlth    +++++++...             y - ring of resist corrosion
HPRegen  0.23/turn              S - ring "Vyxoakk" {rPois rF++ rN+ Will- Stlth+}
MPRegen  0.24/turn              a - ring of magical power
                                O - ring of poison resistance
                                Q - +4 ring of protection

@: petrified
A: almost no armour, stealthy swim, amphibious, 8 rings, constrict 8, camouflage
1, gelatinous body 1, no potion heal 1
a: Renounce Religion, Potion Petition, Call Merchant, Bribe Branch


You were on level 6 of the Lair of Beasts.
You worshipped Gozag.
Gozag was pleased with you.
You visited 3 branches of the dungeon, and saw 16 of its levels.

You collected 3954 gold pieces.
You spent 2726 gold pieces at shops.
You paid 493 gold pieces to Gozag.

Inventory:

Missiles
 u - 15 atropa-tipped darts
 H - 60 poisoned darts
 I - 7 datura-tipped darts (quivered)
Magical Staves
 R - an uncursed staff of air
Jewellery
 a - a ring of magical power (on tentacle)
 i - an uncursed ring of flight
 q - a ring of poison resistance (right tentacle)
 v - a ring of ice (on tentacle)
 y - a ring of resist corrosion (on tentacle)
 E - a +4 ring of protection (left tentacle)
 N - the amulet of the Invisible Hand (around mantle) {Spirit rPois Will- Slay+3 Stlth+}
   (You bought it in a shop on level 8 of the Dungeon)

   [amulet of guardian spirit]

   It causes incoming damage to be split between your health and magic.
   It affects your accuracy and damage with ranged weapons and melee attacks
   (+3).
   It protects you from poison.
   It affects your willpower, your defense against some magical effects.
   It makes you more stealthy.
 O - a ring of poison resistance (on tentacle)
 Q - a +4 ring of protection (on tentacle)
 S - the ring "Vyxoakk" (on tentacle) {rPois rF++ rN+ Will- Stlth+}
   (You bought it in a shop on level 8 of the Dungeon)

   [ring of positive energy]

   It greatly protects you from fire.
   It protects you from poison.
   It protects you from negative energy.
   It affects your willpower, your defense against some magical effects.
   It makes you more stealthy.
Wands
 d - a wand of random effects (7)
 A - a wand of polymorph (40)
 C - a wand of flame (29)
 G - a wand of paralysis (11)
 K - a wand of digging (11)
Scrolls
 c - 8 scrolls of remove curse
 e - a scroll of enchant weapon
 g - a scroll of acquirement {unknown}
 k - 6 scrolls of fog
 m - 3 scrolls of immolation {unknown}
 n - 2 scrolls of amnesia
 o - 3 scrolls of magic mapping {unknown}
 r - 5 scrolls of teleportation
 w - a scroll of noise {unknown}
 B - 5 scrolls of holy word {unknown}
 D - 4 scrolls of enchant armour {unknown}
 F - 2 scrolls of blinking {unknown}
 J - 3 scrolls of fear {unknown}
 P - a scroll of summoning {unknown}
 U - a scroll of identify
Potions
 b - a potion of resistance {unknown}
 f - 2 potions of magic
 h - 2 potions of berserk rage
 j - a potion of ambrosia
 l - 2 potions of might
 p - 8 potions of curing
 s - 2 potions of attraction
 t - 4 potions of lignification
 x - 6 potions of haste
 z - 4 potions of mutation
 L - a potion of flight
 M - a potion of heal wounds
Miscellaneous
 T - a lightning rod (4/4)


   Skills:
 + Level 5.4 Fighting
 + Level 1.3 Throwing
 + Level 7.0 Dodging
 + Level 7.7 Stealth
 + Level 14.6 Unarmed Combat
 + Level 8.5 Spellcasting
 + Level 1.3 Hexes
 + Level 8.0 Transmutations
 + Level 3.9 Ice Magic
 + Level 6.4 Poison Magic
 + Level 0.3 Evocations


You had 8 spell levels left.
You knew the following spells:

 Your Spells              Type           Power        Failure   Level
a - Beastly Appendage     Tmut           68%          1%          1
b - Spider Form           Tmut/Pois      15%          1%          3
c - Confusing Touch       Hex            11%          17%         3
d - Blade Hands           Tmut           17%          11%         5
e - Yara's Violent Unrav  Hex/Tmut       11%          38%         5
f - Ice Form              Ice/Tmut       41%          9%          4

Your spell library contained the following spells:

 Spells                   Type           Power        Failure   Level
 Wereblood                Tmut           34%          1%          2
 Petrify                  Tmut/Erth      20%          19%         4
 Gell's Gravitas          Tloc           3%           30%         3
 Metabolic Englaciation   Hex/Ice        12%          67%         5


Dungeon Overview and Level Annotations

Branches:
Dungeon (9/15)             Temple (1/1) D:4            Lair (6/6) D:8
  Swamp (0/4) Lair:4        Snake (0/4) Lair:3
  Slime: Lair:5-6       Orc: D:9-12

Altars:
Ashenzari
Cheibriados
Dithmenos
Elyvilon
Fedhas
Gozag
Hepliaklqana
Kikubaaqudgha
Makhleb
Nemelex Xobeh
Okawaru
Qazlal
Ru
Sif Muna
Trog
Uskayaw
Vehumet
Wu Jian
Xom
Yredelemnul
Zin
The Shining One
Beogh

Shops:
D:5 ?:[   D:6 !   D:7 }   D:8 =

Annotations:
D:2 exclusion: downstairs
D:6 3 runed translucent doors, exclusion: 3 doors, Gerhazo's ghost, novice DrCj
D:7 2 transporters, exclusion: 2 downstairs, Majorwet's ghost, novice DsBe
D:8 1 exclusion, Erica
D:9 1 exclusion
Lair:1 exclusion: oklob plant
Lair:2 Urug
Lair:3 1 runed translucent door, exclusion: door, Snorg; Ushraf's ghost, journeyman HuAr
Lair:4 1 exclusion
Lair:5 exclusion: downstairs
Lair:6 exclusion: 2 oklob plants


Innate Abilities, Weirdness & Mutations

You cannot wear most types of armour.
You are very stealthy in the water. (Stealth+)
You are amphibious.
You can wear up to eight rings at the same time.
You can use your tentacles to constrict eight enemies at once.
Your skin changes colour to match your surroundings (Stealth+).
Your rubbery body absorbs attacks. (AC +1, EV +1)
Potions are less effective at restoring your health.


Message History

* * * LOW HITPOINT WARNING * * *
The five-headed hydra bites you but does no damage.
The five-headed hydra barely misses you.
The five-headed hydra bites you!
* * * LOW HITPOINT WARNING * * *
The five-headed hydra bites you!
* * * LOW HITPOINT WARNING * * *
The five-headed hydra bites you!
* * * LOW HITPOINT WARNING * * *
The blink frog hits you.
* * * LOW HITPOINT WARNING * * *
The blink frog blinks!
The six-headed hydra bites you!
* * * LOW HITPOINT WARNING * * *
The six-headed hydra bites you!
* * * LOW HITPOINT WARNING * * *
The six-headed hydra bites you!
* * * LOW HITPOINT WARNING * * *
The six-headed hydra bites you!
You die...
Your body crumbles into a pile of gold.

.Y... .#. ....? ?...P.. #
#### . YP.###P....P..#
.##.#.#.. .YY...........F
#.#....). Y..<.l.P..#...F
#........
...D....####...##........
#....#.#..#.#.F..........
##.... ..S.....§D....D...
#..... ...S..SF@........
....?.........lD.....P..
..........F......####...
..$..#.P#....F....# ..
#.........# . B.......###
...$..... ........#


You could see 2 six-headed hydras, a five-headed hydra, 2 black mambas, a cane
toad, a basilisk, 5 blink frogs and a water moccasin.

Vanquished Creatures
  A boulder beetle (Lair:4)
  2 two-headed ogres
  2 death yaks
  Pikel (D:4)
  An ugly thing (D:9)
  3 black mambas
  10 elephants
  10 cane toads
  A torpor snail (Lair:4)
  4 komodo dragons
  3 rime drakes
  A troll (D:8)
  A polar bear (Lair:3)
  7 blink frogs
  5 dream sheep (Lair:5)
  A wyvern (Lair:5)
  43 yaks
  3 basilisks
  A steam dragon (D:9)
  3 nagas (Lair:3)
  13 water moccasins
  An orc warrior (D:3)
  A black bear (D:6)
  3 sky beasts
  3 ice beasts
  3 phantoms
  4 ogres
  4 wolves (Lair:4)
  7 centaurs
  A lemure (D:4)
  A big kobold (D:5)
  19 bullfrogs
  2 scorpions
  4 killer bees (D:9)
  6 wights (D:6)
  A crimson imp (D:9)
  2 bullfrog zombies
  6 hounds
  5 jellies
  5 orc wizards
  2 gnoll shamans
  3 orc priests (D:3)
  2 bullfrog skeletons
  Jessica (D:5)
  3 iguanas
  12 worker ants
  A killer bee zombie (D:6)
  A hound zombie (D:9)
  A hound skeleton (D:6)
  A worker ant zombie (D:9)
  2 howler monkey skeletons
  A howler monkey zombie (D:7)
  4 gnolls
  5 adders
  4 shadow imps
  4 white imps
  6 ufetubi
  An ooze (D:3)
  2 adder zombies
  2 adder skeletons
  A worm (D:2)
  2 dart slugs (D:3)
  2 leopard geckos
  25 orcs
  8 bats
  9 giant cockroaches
  7 goblins
  12 hobgoblins
  7 jackals
  6 quokkas
  A ball python (D:2)
  6 frilled lizards
  A jackal zombie (D:5)
  15 kobolds
  A leopard gecko skeleton (D:4)
  2 quokka skeletons (D:4)
  A quokka zombie (D:6)
  7 rats
365 creatures vanquished.

Vanquished Creatures (collateral kills)
  2 death yaks (Lair:4)
2 creatures vanquished.

Vanquished Creatures (others)
  39 fungi
  30 plants
69 creatures vanquished.

Grand Total: 436 creatures vanquished

Notes
Turn   | Place    | Note
-------+----------+-------------------------------------------
     0 | D:1      | H0rd4k the Octopode Transmuter began the quest for the Orb.
     0 | D:1      | Reached XP level 1. HP: 13/13 MP: 3/3
    84 | D:1      | Reached XP level 2. HP: 15/18 MP: 5/5
   698 | D:1      | Reached XP level 3. HP: 22/23 MP: 6/6
  1045 | D:1      | Reached skill level 1 in Stealth
  1193 | D:1      | Learned a level 3 spell: Spider Form
  1493 | D:2      | Found a glowing golden altar of the Shining One.
  1646 | D:2      | Found a faded altar of an unknown god.
  1706 | D:2      | Reached XP level 4. HP: 8/28 MP: 3/7
  2243 | D:2      | Reached skill level 1 in Poison Magic
  2770 | D:3      | Reached skill level 4 in Unarmed Combat
  2823 | D:3      | Noticed an orc warrior
  3157 | D:3      | Reached XP level 5. HP: 16/33 MP: 4/9
  3356 | D:3      | Killed an orc warrior
  3357 | D:3      | Reached XP level 6. HP: 35/38 MP: 7/10
  4140 | D:3      | Reached skill level 5 in Unarmed Combat
  5114 | D:4      | Found a broken altar of Ashenzari.
  5166 | D:4      | Found a sparkling altar of Nemelex Xobeh.
  5226 | D:4      | Reached XP level 7. HP: 35/43 MP: 7/11
  5358 | D:4      | Found a hazy altar of Hepliaklqana.
  5544 | D:4      | Found a staircase to the Ecumenical Temple.
  5715 | Temple   | Entered the Ecumenical Temple
  5784 | Temple   | Became a worshipper of Gozag Ym Sagoz the Greedy
  5966 | D:4      | Noticed Pikel
  5981 | D:4      | Killed Pikel
  5982 | D:4      | Reached skill level 6 in Unarmed Combat
  5982 | D:4      | Reached XP level 8. HP: 41/50 MP: 9/13
  6051 | D:4      | Found an ornate altar of the Wu Jian Council.
  6174 | D:5      | Entered Level 5 of the Dungeon
  6243 | D:5      | Found Quhots's Magic Scroll Shoppe.
  6306 | D:5      | Bought a scroll of teleportation for 33 gold pieces
  6320 | D:5      | Found Piefu's Book Shop.
  6970 | D:5      | Found Qyr Azo's Antique Armour Shop.
  7175 | D:5      | Found a sparkling altar of Nemelex Xobeh.
  7265 | D:5      | Reached skill level 7 in Unarmed Combat
  7557 | D:5      | Noticed Jessica
  7564 | D:5      | Killed Jessica
  7565 | D:5      | Reached skill level 5 in Transmutations
  7801 | D:5      | Bought a book of Misfortune for 280 gold pieces
  7805 | D:5      | Learned a level 3 spell: Confusing Touch
  8073 | D:7      | Reached XP level 9. HP: 24/54 MP: 12/15
  8432 | D:7      | Found Zewn's Gadget Emporium.
  8706 | D:7      | Found a transporter.
  8708 | D:7      | Noticed a moth of wrath
  8708 | D:7      | Identified the +1 battleaxe "Pilaucs" {antimagic, rElec
                  | rPois Will+}
  8709 | D:7      | Found a bloodstained altar of Trog.
  8728 | D:7      | Found a transporter.
  8733 | D:7      | Noticed Majorwet's ghost (novice DsBe)
  8785 | D:7      | Reached skill level 8 in Unarmed Combat
  9336 | D:7      | Found a shimmering blue altar of Sif Muna.
  9684 | D:6      | Reached skill level 5 in Spellcasting
  9848 | D:6      | Found a runed translucent gate.
  9849 | D:6      | Found a runed translucent gate.
  9849 | D:6      | Noticed Gerhazo's ghost (novice DrCj)
  9850 | D:6      | Found a runed translucent gate.
  9852 | D:6      | Identified the +8 scimitar of Compulsion {venom, rF- Dex+5}
  9858 | D:6      | Found a roughly hewn altar of Beogh.
 10521 | D:6      | Learned a level 5 spell: Blade Hands
 10553 | D:6      | Reached skill level 9 in Unarmed Combat
 10754 | D:6      | Reached XP level 10. HP: 61/61 MP: 16/18
 11064 | D:6      | Found an iron altar of Okawaru.
 11097 | D:6      | Found Kaco's Distillery.
 11128 | D:6      | Bought a potion of might for 52 gold pieces
 11525 | D:8      | Noticed a two-headed ogre
 11557 | D:8      | Reached skill level 5 in Poison Magic
 11640 | D:8      | Found a staircase to the Lair.
 11787 | D:8      | Reached skill level 5 in Dodging
 12463 | D:8      | Killed a two-headed ogre
 12464 | D:8      | Reached skill level 10 in Unarmed Combat
 12750 | D:8      | Noticed Erica
 12753 | D:8      | Gained mutation: Potions are less effective at restoring
                  | your health. [mutagenic glow]
 13832 | D:9      | Noticed a two-headed ogre
 13850 | D:9      | Killed a two-headed ogre
 13851 | D:9      | Reached skill level 1 in Throwing
 14261 | D:9      | Found a radiant altar of Vehumet.
 14416 | D:9      | Found a burning altar of Makhleb.
 14575 | D:9      | Learned a level 5 spell: Yara's Violent Unravelling
 14582 | D:9      | Learned a level 4 spell: Ice Form
 14636 | D:9      | Noticed a purple ugly thing
 14872 | D:9      | Killed a purple ugly thing
 14873 | D:9      | Reached skill level 1 in Hexes
 14873 | D:9      | Reached XP level 11. HP: 58/68 MP: 17/21
 14988 | D:9      | Reached skill level 1 in Ice Magic
 15248 | D:9      | Noticed a manticore
 15248 | D:9      | Noticed a deep elf mage
 15459 | D:8      | Bought the amulet of the Invisible Hand {Spirit rPois Will-
                  | Slay+3 Stlth+} for 733 gold pieces
 15485 | Lair:1   | Entered Level 1 of the Lair of Beasts
 15530 | Lair:1   | Found a hide-covered altar of Uskayaw.
 15678 | Lair:1   | Reached skill level 11 in Unarmed Combat
 16207 | Lair:1   | Noticed an oklob plant
 17099 | Lair:2   | Reached skill level 12 in Unarmed Combat
 17101 | Lair:2   | Reached skill level 5 in Stealth
 17669 | Lair:2   | Noticed Urug
 17806 | D:8      | Bought a cursed +4 ring of protection for 462 gold pieces
 18113 | Lair:3   | Reached XP level 12. HP: 74/74 MP: 22/22
 18249 | Lair:3   | Found a runed translucent door.
 18251 | Lair:3   | Identified the cursed +1 spear "Siopnuyxt" {vorpal, Will+}
 18252 | Lair:3   | Noticed Ushraf's ghost (journeyman HuAr)
 18761 | Lair:3   | Noticed Snorg
 18888 | Lair:3   | Found a staircase to the Snake Pit.
 19433 | D:8      | Bought the ring "Vyxoakk" {rPois rF++ rN+ Will- Stlth+} for
                  | 662 gold pieces
 19614 | Lair:4   | Noticed a death yak
 19618 | Lair:4   | Killed a death yak
 19619 | Lair:4   | Noticed a death yak
 19621 | Lair:4   | Killed a death yak
 19641 | Lair:4   | Killed a death yak
 19745 | Lair:4   | Noticed a boulder beetle
 19848 | Lair:4   | Reached skill level 13 in Unarmed Combat
 20242 | Lair:4   | Found a staircase to the Swamp.
 20603 | Lair:4   | Reached skill level 5 in Fighting
 20751 | Lair:4   | Killed a boulder beetle
 21500 | D:8      | Bought a +4 ring of protection for 504 gold pieces
 21663 | Lair:5   | Reached XP level 13. HP: 81/81 MP: 25/25
 21833 | Lair:5   | Reached skill level 14 in Unarmed Combat
 23249 | Lair:6   | Entered Level 6 of the Lair of Beasts
 23723 | Lair:6   | HP: 4/82 [six-headed hydra (4)]
 23723 | Lair:6   | Slain by a six-headed hydra

Illustrated notes

Levels and vault maps discovered:
D:1:      wander_arrival_lonely_grave, layout_basic, minmay_misc_feat_pillars
D:2:      layout_loops_ring, tso_metal_star, chequers_ecumenical_altar_lobes,
          minmay_ruptured
D:3:      layout_basic, minmay_fractal_squares_diagonal_5
D:4:      layout_gridville, old_standard_altar, lemuel_coloured_pillars_altar,
          nicolae_ashenzari_panopticon, nemelex_xobeh_ov_fountains_minmay,
          temple_pool_b, st_stairs_6, minivault_14, eino_tiny_chamber,
          uniq_pikel
D:5:      cheibrodos_thug_alley, layout_basic, serial_shops,
          nicolae_shop_crystal, shop, nicolae_shop_crystal,
          nemelex_lonely_heart_becter
D:6:      minmay_polygon_palace, layout_cave_pools, biasface_ghost_orc_armoury,
          serial_shops, shop, kennysheep_okawaru_gauntlet
D:7:      layout_loops_cross, kennysheep_little_box,
          gammafunk_ghost_wrathful_warriors, serial_shops, shop
D:8:      layout_basic, lair_entry_dummy, uniq_erica
D:9:      minmay_the_grid_triangle_9x9_rhombus_full
          [minmay_the_grid_triangle_9x9_descending_squares,
          minmay_the_grid_triangle_9x9_sparse_checkered,
          minmay_the_grid_triangle_9x9_steps,
          minmay_the_grid_triangle_9x9_windchime,
          minmay_the_grid_triangle_9x9_semitri,
          minmay_the_grid_triangle_9x9_zippers_horizontal,
          minmay_the_grid_triangle_9x9_corrupted_corridor,
          minmay_the_grid_triangle_9x9_prize_top_heavy], layout_rooms,
          makhleb_grotto_becter, vehumet_altar_wand_db
Temple:   zaba_magenta_temple
Lair:1:   layout_chaotic_city, amcnicky_altar_gilded, minmay_lair_oklob_chamber,
          grunt_megastairs_5
Lair:2:   layout_cave_pods, infiniplex_staircase_pool, uniq_urug
Lair:3:   layout_chaotic_city, guppyfry_snake_entry_island,
          ebering_ghost_funeral_grove, uniq_snorg
Lair:4:   layout_hall_layers, minmay_swamp_entry_worms
Lair:5:   layout_layer_cave, lemuel_fruit_tree, grunt_megastairs_1
Lair:6:   evilmike_catoblepas_cave, layout_misc_corridors,
          minmay_slime_entry_oklob_open

Skill      XL: |  1  2  3  4  5  6  7  8  9 10 11 12 13 |
---------------+----------------------------------------+-----
Stealth        | 1 3 5 6 7 |  7.7
Poison Magic   | 1 2 3 4 5 6 |  6.4
Unarmed Combat | 4 5 6 7 9 10 12 13 14 | 14.6
Transmutations | 3 4 5 6 7 8 |  8.0
Spellcasting   | 3 4 5 6 7 8 |  8.5
Fighting       | 2 3 4 5 |  5.4
Dodging        | 3 4 5 6 7 |  7.0
Throwing       | 1 |  1.3
Hexes          | 1 |  1.3
Ice Magic      | 3 |  3.9
Evocations     | |  0.3

Action                   |  1- 3 |  4- 6 |  7- 9 | 10-12 | 13-15 || total
-------------------------+-------+-------+-------+-------+-------++-------
Melee: Unarmed           |    68 |   157 |   322 |   573 |   139 ||  1259
       Tentacles         |    13 |    18 |    21 |    29 |     4 ||    85
       Constrict         |    19 |    25 |    22 |    28 |     4 ||    98
       Punch             |       |     3 |     3 |    10 |     2 ||    18
       Kick              |       |       |     7 |     1 |       ||     8
Throw: Dart              |       |       |     1 |    17 |       ||    18
 Cast: Spider Form       |     1 |     8 |    28 |    32 |     5 ||    74
       Blade Hands       |       |       |     1 |     5 |     3 ||     9
       Beastly Appendage |       |       |     1 |     1 |       ||     2
       Ice Form          |       |       |       |    18 |     4 ||    22
Invok: Call Merchant     |       |       |       |     1 |       ||     1
Evoke: Wand              |       |       |       |     6 |       ||     6
  Use: Scroll            |       |     7 |     4 |     7 |       ||    18
       Potion            |       |       |       |     5 |       ||     5
 Stab: Sleeping          |     4 |    11 |     7 |    16 |     2 ||    40
       Distracted        |       |       |     1 |     6 |     4 ||    11
Armor: Skin              |     8 |     6 |     9 |    48 |    28 ||    99
Dodge: Dodged            |    46 |   104 |   218 |   349 |   106 ||   823
